 Dungeon Crawl Stone Soup version 0.19-b1-4-gd8a0a2a (webtiles) character file.

137 GordonOverkill the Skirmisher (level 5, -3/49 HPs)
             Began as a Minotaur Venom Mage on Oct 31, 2016.
             Slain by an orc
             ... wielding a +4 war axe of chopping
              (11 damage)
             ... on level 4 of the Dungeon.
             The game lasted 00:07:57 (3444 turns).

GordonOverkill the Skirmisher (Minotaur Venom Mage) Turns: 3444, Time: 00:07:58

Health: -3/49      AC: 10    Str: 14    XL:     5   Next: 0%
Magic:  6/6        EV:  6    Int: 14    God:
Gold:   161        SH:  0    Dex: 10    Spells: 1 memorised, 5 levels left

rFire  . . .     SeeInvis .     e - +0 mace
rCold  . . .     Gourm    .     m - +1 chain mail
rNeg   . . .     Faith    .     (no shield)
rPois  .         Spirit   .     (helmet restricted)
rElec  .         Reflect  .     g - +0 cloak
rCorr  .         Harm     .     (no gloves)
MR     .....                    (no boots)
Stlth  ..........               (no amulet)
                                (no ring)
                                (no ring)

@: no status effects
A: retaliatory headbutt, horns 2, clever 1
a: no special abilities


You were on level 4 of the Dungeon.
You were not hungry.

You visited 1 branch of the dungeon, and saw 4 of its levels.

You collected 161 gold pieces.

Inventory:

Hand Weapons
 d - a +0 club
 e - a +0 mace (weapon)
Armour
 g - a +0 cloak (worn)
 m - a +1 chain mail (worn)
Jewellery
 i - a +4 ring of intelligence {unknown}
Scrolls
 j - a scroll of remove curse
Potions
 a - 2 potions of degeneration
 k - a potion of brilliance
 p - a potion of lignification
Books
 b - a Young Poisoner's Handbook

   Spells                             Type                      Level
   a - Sting                          Conjuration/Poison           1
   b - Mephitic Cloud                 Conjuration/Poison/Air       3
   c - Olgreb's Toxic Radiance        Poison                       4
   d - Alistair's Intoxication        Transmutation/Poison         5
   e - Venom Bolt                     Conjuration/Poison           5
Comestibles
 c - 3 bread rations
 f - 3 chunks of flesh
 h - a royal jelly
 l - a meat ration


   Skills:
 + Level 5.6 Fighting
 - Level 2.1 Dodging
 - Level 1.5 Stealth
 - Level 1.3 Spellcasting
 - Level 2.9 Poison Magic


You had 5 spell levels left.
You knew the following spells:

 Your Spells              Type           Power        Failure   Level  Hunger
a - Sting                 Conj/Pois      #...         100%        1    ##.....


Dungeon Overview and Level Annotations

Branches:
Dungeon (4/15)
 Temple: D:4-7

Altars:
Cheibriados
Ru
Uskayaw
Xom
Zin


Innate Abilities, Weirdness & Mutations

You reflexively headbutt those who attack you in melee.
You have a pair of horns on your head.
Your mind is acute. (Int +2)


Message History

Found a scroll of identify.
There is an open door here.
The adder barely misses you.
The worker ant waves its antennae.
You hear the quick hiss of a distant avalanche of sand.
You feel sick.
You are no longer poisoned.
The adder bites you but does no damage.
An orc and an orc wizard come into view.
The orc is wielding a war axe of chopping.
The orc wizard shouts!
The orc shouts!
The orc wizard casts a spell.
The orc wizard seems to speed up.
A leopard gecko skeleton comes into view.
An orc wizard comes into view. It is wielding a dagger.
The orc wizard shouts!
The orc wizard mumbles some strange words.
The orc wizard blinks!
The orc hits you with a war axe of chopping!
You die...

..............a.........
.............g..g.......
####+###########'#.....
#..l# .... #.a.# ..
#.a.+ #...# ###S# #@#
#.o.....# #..Z....#
#....o..# #....ยง..#
+.......# #.....o.#
#########


You could see an iguana, 2 worker ants, 2 orc wizards, a gnoll, an adder, an orc
and a leopard gecko skeleton.

Vanquished Creatures
  A worker ant (D:3)
  A howler monkey skeleton (D:3)
  5 adders
  A gnoll (D:3)
  An ooze (D:2)
  A worm (D:2)
  2 leopard geckos (D:3)
  2 giant cockroaches (D:3)
  8 goblins
  7 hobgoblins
  4 kobolds
  A quokka (D:3)
  3 bats
  3 frilled lizards (D:3)
  3 rats
43 creatures vanquished.

Notes
Turn   | Place    | Note
-------+----------+-------------------------------------------
     0 | D:1      | GordonOverkill the Minotaur Venom Mage began the quest for the Orb.
     0 | D:1      | Reached XP level 1. HP: 14/14 MP: 1/1
    81 | D:1      | Reached skill level 1 in Fighting
   334 | D:1      | Reached skill level 2 in Fighting
   334 | D:1      | Reached XP level 2. HP: 10/24 MP: 3/3
   973 | D:2      | Found a shimmering altar of Xom.
  1114 | D:2      | Reached skill level 3 in Fighting
  1121 | D:2      | Reached XP level 3. HP: 10/31 MP: 4/4
  1702 | D:2      | Found a hide-covered altar of Uskayaw.
  1702 | D:2      | Found a bloodstained altar of Trog.
  1704 | D:2      | Found a radiant altar of Vehumet.
  1704 | D:2      | Found a stormy altar of Qazlal.
  1704 | D:2      | Found an ancient bone altar of Kikubaaqudgha.
  1912 | D:2      | Found a hide-covered altar of Uskayaw.
  2002 | D:3      | Reached skill level 4 in Fighting
  2149 | D:3      | Reached XP level 4. HP: 39/41 MP: 5/5
  2574 | D:3      | Found a sacrificial altar of Ru.
  2575 | D:3      | Found a glowing silver altar of Zin.
  2612 | D:3      | Reached skill level 5 in Fighting
  2712 | D:3      | Found a snail-covered altar of Cheibriados.
  3020 | D:3      | Gained mutation: You possess an exceptional clarity of mind. [potion of mutation]
  3020 | D:3      | Lost mutation: You possess an exceptional clarity of mind. [potion of mutation]
  3020 | D:3      | Gained mutation: Your mind is acute. (Int +2) [potion of mutation]
  3057 | D:3      | HP: 2/42 [poisoned by a worker ant]
  3063 | D:3      | HP: 2/42 [poisoned by a worker ant]
  3316 | D:3      | Reached XP level 5. HP: 40/49 MP: 6/6
  3444 | D:4      | Slain by an orc

Skill      XL: |  1  2  3  4 |
---------------+-------------+-----
Fighting       | 2 3 4 5 |  5.6
Dodging        | |  2.1
Stealth        | |  1.5
Spellcasting   | |  1.3
Poison Magic   | |  2.9

Action                   |  1- 3 |  4- 6 || total
-------------------------+-------+-------++-------
Melee: Mace              |    84 |    60 ||   144
       Headbutt          |     9 |     6 ||    15
 Cast: Sting             |     1 |       ||     1
  Use: Potion            |       |     6 ||     6
       Scroll            |       |     4 ||     4
  Eat: Chunk             |     4 |     3 ||     7
       Beef jerky        |       |     1 ||     1
Armor: Chain mail        |    51 |    71 ||   122
       Skin              |       |     2 ||     2
Dodge: Dodged            |    49 |    38 ||    87
